 Dungeon Crawl Stone Soup version 0.29-a0-824-gd827844252 (webtiles) character file.

Game seed: 2236074496664612241

301 LynnLen the Sneak (level 6, -3/35 HPs)
             Began as a Vampire Enchanter on July 11, 2022.
             Slain by an ogre
             ... wielding a +0 giant spiked club
              (19 damage)
             ... on level 4 of the Dungeon.
             The game lasted 00:12:04 (3543 turns).

LynnLen the Sneak (Vampire Enchanter)               Turns: 3543, Time: 00:12:04

Health: -3/35      AC: 13    Str:  7    XL:     6   Next: 14%
Magic:  6/9        EV: 11    Int: 18    God:
Gold:   217        SH:  0    Dex: 16    Spells: 3/9 levels left

rFire   . . .      SeeInvis +   l - +2 dagger (protect)
rCold   + + .      Faith    .   (no shield)
rNeg    + + +      Spirit   .   n - +0 acid dragon scales
rPois   ∞          Reflect  .   (no helmet)
rElec   .          Harm     .   (no cloak)
rCorr   +          Rampage  .   (no gloves)
Will    .....                   (no boots)
Stlth   +++++.....              (no amulet)
HPRegen 0.00/turn               (no ring)
MPRegen 0.11/turn               (no ring)

@: under a protective aura, very slightly contaminated, bloodless, inhibited
regen
A: bloodless, fangs 3, see invisible, vampiric 2
a: Bat Form, Revivify


You were on level 4 of the Dungeon.
You visited 1 branch of the dungeon, and saw 6 of its levels.

You collected 217 gold pieces.

Inventory:

Hand Weapons
 a - a +1 dagger of freezing
 d - a +1 short sword of venom
 l - a +2 dagger of protection (weapon)
Missiles
 i - 40 stones (quivered)
 o - 4 poisoned darts
Armour
 g - a +0 leather armour of fire resistance
 n - +0 acid dragon scales (worn)
Scrolls
 b - a scroll of torment {unknown}
 j - 2 scrolls of blinking
 k - a scroll of teleportation
Potions
 c - a potion of invisibility
 e - a potion of brilliance {unknown}
 f - a potion of curing {unknown}
 h - a potion of ambrosia
 m - a potion of flight {unknown}


   Skills:
 * Level 2.0 Fighting
 * Level 4.2 Short Blades
 + Level 3.0 Dodging
 + Level 7.2 Stealth
 - Level 2.0 Spellcasting
 - Level 4.4 Hexes


You had 3 spell levels left.
You knew the following spells:

 Your Spells              Type           Power      Damage    Failure   Level
a - Confusing Touch       Hex            17%        N/A       17%         3
b - Tukima's Dance        Hex            17%        N/A       17%         3

Your spell library contained the following spells:

 Spells                   Type           Power      Damage    Failure   Level
 Ensorcelled Hibernation  Hex/Ice        18%        N/A       22%         2
 Sandblast                Erth           2%         2d4       34%         1
 Dazzling Flash           Conj/Hex       18%        N/A       38%         3
 Passwall                 Tmut/Erth      0%         N/A       45%         2
 Conjure Flame            Conj/Fire      1%         6-21      71%         3
 Gell's Gravitas          Tloc           1%         N/A       71%         3
 Ignite Poison            Fire/Tmut/Pois 1%         N/A       71%         3
 Lesser Beckoning         Tloc           1%         N/A       71%         3
 Stone Arrow              Conj/Erth      2%         3d7       71%         3
 Teleport Other           Tloc           1%         N/A       71%         3
 Sticky Flame             Conj/Fire      1%         2d3       98%         4


Dungeon Overview and Level Annotations

Branches:
Dungeon (6/15)
 Temple: D:4-7

Altars:

Shops:
D:1 [

Annotations:
D:4 3 runed translucent doors, buhh's ghost, novice OpTm


Innate Abilities, Weirdness & Mutations

You do not regenerate when monsters are visible.
You are frail without blood (-20% HP).
You can heal yourself when you bite living creatures.
You are immune to poison.
You have razor-sharp teeth.
You have supernaturally acute eyesight. (SInv)
You are afflicted with vampirism and can become a bat while bloodless.


Message History

You closely miss the kobold.
The kobold hits you with a +0 short sword.
You hit the kobold.
Your weapon exudes an aura of protection.
You bite the kobold, but do no damage.
The kobold is moderately wounded.
You closely miss the kobold.
The kobold is moderately wounded.
The kobold hits you but does no damage.
You hit the kobold.
You kill the kobold!
You hit the orc but do no damage. The orc barely misses you.
You hit the orc but do no damage. The orc closely misses you.
You completely miss the orc. You hit the orc but do no damage.
The orc barely misses you.
You hit the orc but do no damage. The orc hits you with a +0 short sword.
You hit the orc but do no damage. You bite the orc.
You draw the orc's blood!
You feel better.
The orc is heavily wounded.
The orc hits you with a +0 short sword.
You hit the orc but do no damage.
The orc is heavily wounded.
The orc barely misses you.
You hit the orc.
You kill the orc!
The ogre hits you with a +0 giant spiked club!
Items here: )) [ ††.
Casting: Confusing Touch (quite dangerous; 17% risk of failure)
Confirm with . or Enter, or press ? or * to list all spells.
The spell is quite dangerous to miscast (17% risk of failure)!
Continue anyway?
You miscast Confusing Touch.
You are very lightly contaminated with residual magic.
Nothing appears to happen.
The ogre closely misses you.
You hit the ogre. You bite the ogre, but do no damage.
The ogre is lightly wounded.
You hit the ogre but do no damage. Your bite misses the ogre.
The ogre is lightly wounded.
The ogre hits you with a +0 giant spiked club!!
Ouch! That really hurt!
You die...

# #. #. #.#. #. . #.#.#
#.. .. ##....# ##.. ..#
#......## #..##O.#
........# #.....##.
#.......# #........
###....#)###########.....#
. ....#.
#)##..†@O......##..# ..
...#.##.##.####.......#
+###..#....##.# #####....#
...#..####.##.# ####..#
...#..# #.##.# #...
#s#..####.##.# #.##
#o#.......##.# .#
#c#..####.##.# ...#..#
#.##.#


You could see an ogre.

Vanquished Creatures
  2 scorpions (D:3)
  2 hounds
  An iguana (D:4)
  A gnoll (D:2)
  3 adders
  6 orcs (D:4)
  7 ball pythons
  5 bats
  4 endoplasms
  2 giant cockroaches
  3 goblins
  4 hobgoblins
  4 jackals
  3 kobolds
  4 quokkas
  A frilled lizard (D:3)
  6 rats
58 creatures vanquished.

Notes
Turn   | Place    | Note
-------+----------+-------------------------------------------
     0 | D:1      | LynnLen the Vampire Enchanter began the quest for the Orb.
     0 | D:1      | Reached XP level 1. HP: 13/13 MP: 3/3
   344 | D:1      | Found Jexzyu's Antique Armour Boutique.
   388 | D:1      | Reached XP level 2. HP: 15/16 MP: 5/5
   517 | D:1      | Reached skill level 5 in Stealth
  1289 | D:2      | Reached skill level 1 in Fighting
  1289 | D:2      | Gained mutation: You are afflicted with vampirism and can
                  | become a bat while bloodless. [Vampire growth]
  1289 | D:2      | Reached XP level 3. HP: 20/20 MP: 6/6
  1300 | D:2      | Learned a level 3 spell: Confusing Touch
  1304 | D:2      | Learned a level 3 spell: Tukima's Dance
  1564 | D:2      | Found a faded altar of an unknown god.
  2468 | D:3      | Noticed a scorpion
  2481 | D:3      | Killed a scorpion
  2482 | D:3      | Reached skill level 6 in Stealth
  2482 | D:3      | Reached XP level 4. HP: 25/25 MP: 7/7
  2510 | D:3      | Noticed a scorpion
  2515 | D:3      | Killed a scorpion
  2516 | D:3      | Reached XP level 5. HP: 29/29 MP: 8/8
  2690 | D:3      | Identified the +2 ring mail "Jafo" {MP-9 Int+4 SInv}
  2733 | D:3      | You fall into a shaft and drop 3 floors!
  2751 | D:5      | Entered Level 5 of the Dungeon
  2770 | D:5      | Reached skill level 7 in Stealth
  3285 | D:4      | Found a runed translucent gate.
  3285 | D:4      | Found a runed translucent gate.
  3286 | D:4      | Found a runed translucent gate.
  3287 | D:4      | Noticed buhh's ghost (novice OpTm)
  3288 | D:4      | Noticed a centaur
  3324 | D:4      | Reached XP level 6. HP: 24/35 MP: 9/9
  3543 | D:4      | Slain by an ogre

Illustrated notes

Levels and vault maps discovered:
D:1:      lightli_arrival_chessboard, layout_loops_ring, serial_shops,
          nicolae_lakefront_shop, minmay_box_of_dots
D:2:      layout_basic, nicolae_ecumenical_oubliette, cheibrodos_gnoll_hut
D:3:      minmay_thinvault, layout_loops_ring, minivault_11
D:4:      layout_loops_ring, minmay_temple_entry_waves, gammafunk_ghost_split
D:5:      layout_gridville, mainiacjoe_overflow_small_starburst,
          grunt_ministairs_8
D:6:      minmay_chambers_of_fours, layout_basic, serial_shops,
          nicolae_shop_waterfront, st_stairs_1

Skill      XL: |  1  2  3  4  5 |
---------------+----------------+-----
Stealth        | 5 6 7 |  7.2
Fighting       | 1 2 |  2.0
Short Blades   | 2 3 4 |  4.2
Dodging        | 3 |  3.0
Spellcasting   | |  2.0
Hexes          | |  4.4

Action                   |  1- 3 |  4- 6 || total
-------------------------+-------+-------++-------
Melee: Dagger            |    35 |    96 ||   131
       Short sword       |    58 |       ||    58
       Bite              |     5 |    10 ||    15
       Punch             |     1 |     1 ||     2
 Cast: Confusing Touch   |       |     1 ||     1
 Abil: Exsanguinate      |     1 |       ||     1
  Use: Scroll            |     5 |     1 ||     6
       Potion            |       |     1 ||     1
 Stab: Sleeping          |    19 |     4 ||    23
       Confused          |       |     1 ||     1
Armor: Robe              |     1 |       ||     1
       Leather armour    |    30 |    18 ||    48
       Acid dragon scale |       |    18 ||    18
Dodge: Dodged            |    54 |    47 ||   101

Table legend: (Time is in decaauts)
 A = Elapsed time spent in this place.
 B = Non-inter-level travel time spent in this place.
 C = Inter-level travel time spent in this place.
 D = Time resting spent in this place.
 E = Time spent auto-exploring this place.
 F = Levels seen in this place.
 G = Mean time per level.
                   A        B        C        D        E       F      G
               +--------+--------+--------+--------+--------+-----+--------+
         Total |   3522 |   3522 |      0 |    774 |   1238 |   6 |  587.0 |
       Dungeon |   3522 |   3522 |      0 |    774 |   1238 |   6 |  587.0 |
               +--------+--------+--------+--------+--------+-----+--------+

Top non-repeatable levels by time:
     D:2: 1216 daAuts
     D:1: 1056 daAuts
     D:4: 488 daAuts
     D:3: 454 daAuts
     D:5: 287 daAuts
     D:6: 17 daAuts
